 Dungeon Crawl Stone Soup version 0.20.1-1-g8b1a95d (webtiles) character file.

121 Kingsmith the Covered (level 4, -3/39 HPs)
             Began as a Minotaur Berserker on Dec 11, 2017.
             Was a Believer of Trog.
             Killed from afar by an orc wizard (7 damage)
             ... with a magic dart
             ... on level 4 of the Dungeon.
             The game lasted 00:01:53 (2148 turns).

Kingsmith the Covered (Minotaur Berserker)          Turns: 2148, Time: 00:01:54

Health: -3/39      AC:  3    Str: 22    XL:     4   Next: 77%
Magic:  3/3        EV: 13    Int:  4    God:    Trog [**....]
Gold:   82         SH:  0    Dex: 10    Spells: 3/3 levels left

rFire    . . .     SeeInvis .   a - +0 spear
rCold    . . .     Gourm    .   (no shield)
rNeg     . . .     Faith    .   b - +0 animal skin
rPois    .         Spirit   .   (helmet restricted)
rElec    .         Reflect  .   (no cloak)
rCorr    .         Harm     .   n - +0 pair of gloves
MR       .....                  (no boots)
Stlth    +.........             (no amulet)
Regen    0.2/turn               (no ring)
MPRegen  0.1/turn               (no ring)

@: berserk cooldown, slowed, very slow
A: retaliatory headbutt, horns 2
a: Berserk, Trog's Hand, Burn Spellbooks, Renounce Religion


You were on level 4 of the Dungeon.
You worshipped Trog.
Trog was pleased with you.
You were near starving.

You visited 1 branch of the dungeon, and saw 3 of its levels.

You collected 82 gold pieces.

Inventory:

Hand Weapons
 a - a +0 spear (weapon)
Armour
 b - a +0 animal skin (worn)
 n - a +0 pair of gloves (worn)
Jewellery
 k - an uncursed ring of ice {unknown}
Scrolls
 e - 7 scrolls of identify {unknown}
 h - 2 scrolls of teleportation {unknown}
 j - 2 scrolls of remove curse {unknown}
 l - a scroll of enchant weapon {unknown}
 m - 2 scrolls of amnesia {unknown}
Potions
 g - a potion of brilliance {unknown}
Comestibles
 c - 3 bread rations
 d - 2 royal jellies
 f - a fruit
 i - a meat ration


   Skills:
 - Level 3.6 Fighting
 - Level 3.6 Polearms
 + Level 4.4 Armour
 + Level 4.2 Dodging


You had 3 spell levels left.
You didn't know any spells.

Dungeon Overview and Level Annotations

Branches:
Dungeon (4/15)
 Temple: D:4-7

Altars:
Hepliaklqana


Innate Abilities, Weirdness & Mutations

You reflexively headbutt those who attack you in melee.
You have a pair of horns on your head.


Message History

The orc hits you from afar with a trident.
* * * LOW HITPOINT WARNING * * *
You bump into the rock wall.
You are no longer berserk.
You are exhausted.
You feel yourself slow down. Something barely misses you.
You hit the orc wizard.
You kill the orc wizard!
Trog accepts your kill.
Trog appreciates your killing of a magic user.
You feel less confused. The orc misses you. Something completely misses you.
The orc misses you. Something hits you.
* * * LOW HITPOINT WARNING * * *
The orc hits you with a trident.
* * * LOW HITPOINT WARNING * * *
You hear some strange, mumbled words.
A magic dart appears from out of thin air!
The magic dart hits you!
You die...

..........## # ..
............##
#.##....##...##..###
#.#....# #...###...#
##.#...# #...##
##.## ##...... #...#
##.# ###....?.# #..#
#..# #........# ...#
#..#
#.o@.###...#####.##
#..###.............#
# ##....#####...#
##..## ###.## ##.##
#..# #..# #..##
#..########..#
##...........#
#.............


You could see an orc.

Vanquished Creatures
  An orc wizard (D:4)
  2 worker ants (D:4)
  An adder (D:4)
  A dart slug (D:1)
  4 leopard geckos
  An orc (D:4)
  4 giant cockroaches
  5 goblins
  2 hobgoblins
  3 kobolds (D:1)
  A ball python (D:2)
  3 bats
  4 frilled lizards
  4 rats
36 creatures vanquished.

Vanquished Creatures (others)
  2 goblins (D:1)
2 creatures vanquished.

Grand Total: 38 creatures vanquished

Notes
Turn   | Place    | Note
-------+----------+-------------------------------------------
     0 | D:1      | Kingsmith the Minotaur Berserker began the quest for the Orb.
     0 | D:1      | Reached XP level 1. HP: 19/19 MP: 0/0
   188 | D:1      | Reached XP level 2. HP: 23/26 MP: 1/1
   804 | D:1      | Reached ** piety under Trog
  1060 | D:2      | Reached XP level 3. HP: 29/31 MP: 2/2
  1362 | D:2      | You fall through a shaft for 2 floors!
  1494 | D:4      | Found a hazy altar of Hepliaklqana.
  1994 | D:4      | Reached XP level 4. HP: 34/39 MP: 3/3
  2148 | D:4      | Killed from afar by an orc wizard

Skill      XL: |  1  2  3  4 |
---------------+-------------+-----
Armour         | 3 4 |  4.4
Dodging        | 3 4 |  4.2
Fighting       | |  3.6
Polearms       | |  3.6

Action                   |  1- 3 |  4- 6 || total
-------------------------+-------+-------++-------
Melee: Spear             |    93 |    14 ||   107
       Headbutt          |    13 |     2 ||    15
Invok: Berserk           |     2 |     1 ||     3
 Stab: Sleeping          |     1 |       ||     1
  Eat: Chunk             |     3 |     2 ||     5
Armor: Animal skin       |     6 |     4 ||    10
Dodge: Dodged            |    38 |     6 ||    44
